 Dungeon Sprint DCSS version 0.27.1-4-g1640c2035a (webtiles) character file.

Game seed: 16326830611332989386

256 boopmooplesden the Blocker (level 5, -4/56 HPs)
             Began as a Minotaur Fighter on Nov 10, 2021.
             Slain by a neqoxec (12 damage)
             ... in the Dungeon (Sprint II: "The Violet Keep of Menkaure").
             The game lasted 00:00:31 (87 turns).

boopmooplesden the Blocker (Minotaur Fighter)         Turns: 87, Time: 00:00:31

Health: -4/56      AC:  8    Str: 22    XL:     5   Next: 92%
Magic:  4/4        EV:  8    Int:  5    God:
Gold:   0          SH: 11    Dex:  7    Spells: 4/4 levels left

rFire    . . .     SeeInvis .   a - +0 long sword
rCold    . . .     Faith    .   c - +0 kite shield
rNeg     . . .     Spirit   .   b - +0 scale mail
rPois    .         Reflect  .   (helmet restricted)
rElec    .         Harm     .   (no cloak)
rCorr    .         Rampage  .   (no gloves)
Will     .....     NoTele   +   (no boots)
Stlth    ..........             (no amulet)
HPRegen  0.18/turn              (no ring)
MPRegen  0.09/turn              (no ring)

@: mesmerised, hasted, very quick
A: horns 2, retaliatory headbutt, clumsy 1, no potion heal 1
a: no special abilities


You were in the Dungeon.
You visited 1 branch

Inventory:

Hand Weapons
 a - a +0 long sword (weapon)
Armour
 b - a +0 scale mail (worn)
 c - a +0 kite shield (worn)
Scrolls
 j - a scroll of blinking
Potions
 e - a potion of curing
 f - a potion of heal wounds
 h - 2 potions of magic


   Skills:
 + Level 8.6 Fighting
 + Level 6.2 Long Blades
 + Level 8.6 Armour
 + Level 0.4 Dodging
 + Level 8.6 Shields


You had 4 spell levels left.
You didn't know any spells.
Your spell library was empty.

Dungeon Overview and Level Annotations

Branches:
Dungeon (1/1)

Altars:


Innate Abilities, Weirdness & Mutations

You have a pair of horns on your head.
You reflexively headbutt those who attack you in melee.
You are clumsy. (Dex -2)
Potions are less effective at restoring your health.


Message History

You start resting.
You recover from your berserk rage.
You start resting.
A neqoxec comes into view.
Found 243 gold pieces.
A merfolk siren comes into view. It is wielding a +0 spear.
The neqoxec shouts!
There is a staircase leading out of the dungeon here.
You feel yourself speed up.
You slash the neqoxec!
The neqoxec is moderately wounded.
Your scale mail prevents you from hitting the neqoxec.
The neqoxec is moderately wounded.
The neqoxec hits you but does no damage.
The merfolk siren closely misses you.
You barely miss the neqoxec.
The neqoxec is moderately wounded.
The neqoxec hits you.
* * * LOW HITPOINT WARNING * * *
You hit the neqoxec.
The neqoxec is heavily wounded.
The merfolk siren chants a haunting song.
You are mesmerised by the merfolk siren!
The neqoxec hits you!
* * * LOW HITPOINT WARNING * * *
You hit the neqoxec. Your headbutt misses the neqoxec.
The neqoxec is heavily wounded.
The merfolk siren chants its luring song.
You hit the neqoxec.
The neqoxec is severely wounded.
The neqoxec hits you but does no damage.
The merfolk siren barely misses you.
You hit the neqoxec but do no damage.
The neqoxec is severely wounded.
You block the neqoxec's attack.
You barely miss the neqoxec.
The neqoxec is severely wounded.
The merfolk siren chants its luring song.
The neqoxec hits you!
You die...

## .# # .##
#. #+# #
#l##.###s.#
#+.@.+s#
#l##3###..#
#. #m# # #
.$. .#. #.
.# ## ##


You could see a merfolk siren (mesmerising) and a neqoxec.

Vanquished Creatures
  2 neqoxecs (D)
2 creatures vanquished.

Vanquished Creatures (others)
  A water moccasin (D)
1 creature vanquished.

Grand Total: 3 creatures vanquished

Notes
Turn   | Place    | Note
-------+----------+-------------------------------------------
     0 | D        | boopmooplesden the Minotaur Fighter began the quest for the
                  | Orb.
     0 | D        | Reached XP level 1. HP: 19/19 MP: 0/0
     1 | D        | Noticed a scorpion
     1 | D        | Noticed a scorpion
     5 | D        | Noticed a wyvern
     5 | D        | Noticed a wyvern
     8 | D        | Noticed a neqoxec
     8 | D        | Noticed a neqoxec
    19 | D        | Gained mutation: Potions are less effective at restoring
                  | your health. [a neqoxec]
    23 | D        | Killed a neqoxec
    24 | D        | Reached XP level 2. HP: 9/34 MP: 1/1
    24 | D        | Reached XP level 3. HP: 10/39 MP: 2/2
    24 | D        | Reached XP level 4. HP: 13/47 MP: 3/3
    26 | D        | Gained mutation: You are clumsy. (Dex -2) [a neqoxec]
    27 | D        | Killed a neqoxec
    28 | D        | Reached XP level 5. HP: 5/56 MP: 4/4
    37 | D        | Killed a water moccasin
    77 | D        | Noticed a neqoxec
    78 | D        | Noticed a merfolk siren
    87 | D        | Slain by a neqoxec

Illustrated notes

Levels and vault maps discovered:
D:        the_violet_keep_of_menkaure [sprint2_stairs_cluster_1,
          sprint2_shoproom, sprint2_temple, sprint2_basic_supplies,
          sprint2_obstacle_5, sprint2_obstacle_6, sprint2_obstacle_1,
          sprint2_obstacle_3, sprint2_obstacle_7, sprint2_timed_cluster_1,
          sprint2_smallroom_cluster_1, sprint2_smallroom_final_cluster_1,
          sprint2_transparent_cluster_1, sprint2_second_timed_cluster_1,
          sprint2_sniper_area_1, sprint2_heavy_combat_area_1,
          sprint2_mutation_trap_area_1, sprint2_forest_area_1,
          sprint2_light_combat_area_1, sprint2_behind_water_1,
          sprint2_near_end_vault_1]

Skill      XL: |  1  2  3  4 |
---------------+-------------+-----
Fighting       | 7 8 |  8.6
Long Blades    | 4 6 |  6.2
Armour         | 7 8 |  8.6
Shields        | 7 8 |  8.6
Dodging        | |  0.4

Action                   |  1- 3 |  4- 6 || total
-------------------------+-------+-------++-------
Melee: Long sword        |    10 |    12 ||    22
       Headbutt          |     1 |       ||     1
  Use: Potion            |     2 |     1 ||     3
Armor: Scale mail        |     1 |     2 ||     3
Dodge: Dodged            |     3 |     2 ||     5
Block: Kite shield       |     4 |     1 ||     5
